Unix NetHack Version 3.7.0-89 Work-in-progress - last build Sep 24 2023 19:26:52 (48e034876007844a536bf88644040a71d2893410,branch:master). Game began 2023-10-21 18:02:12, ended 2023-10-21 20:13:08. Hill, chaotic male elven Wizard --- |........| - --......-- - -------- -- ------- ---. ......--- ------------.%.-- ........---)...............-- ........)...---.----------..-- ..............--| |-.%-- ...............|. |.-..---- ..<......./....|. |.......-- ...^...........--- --.....).| ------...........| |--.[.-@- |..[....|...| |.....|@ ------------- ------- Hill the Thaumaturge St:14 Dx:17 Co:16 In:18 Wi:10 Ch:14 Chaotic S:6787 Dlvl:12 $:803 HP:0(52) Pw:23(102) AC:4 Xp:8/1849 T:6891 Latest messages: q - an uncursed ring of polymorph. e - an uncursed ring of polymorph control. L - an uncursed wand called make invisible. J - an uncursed wand called mm. M - a wand of digging (0:0). c - a wand of opening (0:6). y - an uncursed wand of striking. n - an uncursed wand of striking. l - an uncursed wand of striking. What do you want to take off? [bQTV or ?*] ? You finish taking off your shoes. What do you want to read? [jwEGINOW or ?*] ? As you read the scroll, it disappears. Your cornuthaum glows silver for a moment. What do you want to read? [jwEGINOW or ?*] E As you read the scroll, it disappears. Your cloak of magic resistance glows silver for a moment. What do you want to wear? [iQ or ?*] ? You finish your dressing maneuver. What do you want to read? [jwGINOW or ?*] ? As you read the scroll, it disappears. W - an uncursed scroll of punishment. What do you want to put on? [eqBP or ?*] e e - an uncursed ring of polymorph control (on left hand). What do you want to remove? [de or ?*] ? You were wearing an uncursed ring of teleportation (on right hand). What do you want to take off? [bQTV or ?*] ? You were wearing an uncursed +2 cloak of magic resistance. What do you want to take off? [HQTV or ?*] ? You finish taking off your suit. What do you want to put on? [dqBP or ?*] ? q - an uncursed ring of polymorph (on right hand). You stop waiting. Pick an object. What do you want to take off? [QTV or ?*] ? Never mind. What do you want to remove? [eq or ?*] ? You were wearing an uncursed ring of polymorph (on right hand). The Elvenking thrusts his elven dagger. The Elvenking hits! The Elvenking thrusts his elven dagger. The Elvenking hits again! What do you want to put on? [dqBP or ?*] ? d - an uncursed ring of teleportation (on right hand). The Elvenking thrusts his elven dagger. The Elvenking hits! The Elvenking thrusts his elven dagger. The Elvenking hits again! You die... Do you want your possessions identified? [ynq] (y) q Inventory: Coins $ - 803 gold pieces Weapons o - a +0 dart a - a blessed +1 quarterstaff (weapon in hands) Armor T - an uncursed +2 cornuthaum (being worn) V - an uncursed +0 pair of leather gloves (being worn) Q - an uncursed +2 pair of low boots (being worn) i - an uncursed +0 pair of water walking boots b - an uncursed +2 cloak of magic resistance H - an uncursed +1 leather armor Comestibles D - 2 uncursed food rations K - an uncursed pear C - 3 uncursed tripe rations F - an uncursed lizard corpse Scrolls j - an uncursed scroll of gold detection O - 2 uncursed scrolls of light G - a blessed scroll of magic mapping W - an uncursed scroll of punishment N - an uncursed scroll of remove curse w - an uncursed scroll of stinking cloud Potions f - an uncursed potion of confusion g - an uncursed potion of oil m - an uncursed diluted potion of sickness s - 2 uncursed potions of water Rings B - an uncursed ring of fire resistance q - an uncursed ring of polymorph e - an uncursed ring of polymorph control (on left hand) d - an uncursed ring of teleportation (on right hand) Wands M - a wand of digging (0:0) J - a wand of magic missile (0:3) L - a wand of make invisible (0:3) c - a wand of opening (0:6) n - a wand of striking (0:7) l - a wand of striking (0:5) y - a wand of striking (0:4) Tools z - an uncursed mirror v - an uncursed oil lamp S - a +0 pick-axe (alternate weapon; not wielded) P - an uncursed towel Gems/Stones U - an uncursed opal X - an uncursed worthless piece of black glass u - 2 uncursed worthless pieces of green glass R - 2 uncursed worthless pieces of orange glass t - 2 uncursed worthless pieces of red glass p - an uncursed worthless piece of violet glass A - an uncursed worthless piece of yellow glass Hill the Wizard's attributes: Background: You were a Thaumaturge, a level 8 male elven Wizard. You were chaotic, on a mission for Anhur who was opposed by Ptah (lawful) and Thoth (neutral). You were in the Gnomish Mines, on level 12. You entered the dungeon 6891 turns ago. You had 1849 experience points, 711 more were needed to attain level 9. Your score was 6787 before end-of-game adjustments. Basics: You had 0 out of 52 hit points. You had 23 out of 102 energy points (spell power). Your armor class was 4. Your wallet contained 803 zorkmids. Autopickup was off. Final Characteristics: Your strength was 14 (limit:18). Your dexterity was 17 (limit:18). Your constitution was 16 (limit:16). Your intelligence was 18 (limit:20). Your wisdom was 10 (limit:20). Your charisma was 14 (base:13, limit:18). Final Status: You were not hungry. You were unencumbered. You were wielding a quarterstaff. You had basic skill with quarterstaff and could have enhanced that. Final Attributes: You were piously aligned. You were fire resistant. You were sleep resistant. You were telepathic. You were clairvoyant. You had infravision. You could teleport. You were warded. You had polymorph control. You are dead. Miscellaneous: You never encountered a bones level. Total elapsed playing time was 2 hours, 10 minutes and 55 seconds. Major events: Turn 1: Hill the chaotic male elven Wizard entered the dungeon 1129: killed Tuktoyaktuk, the general store proprietrix 1129: attained the rank of Conjurer (level 3) 3197: entered the Gnomish Mines 3424: reached Mine Town 3777: attained the rank of Thaumaturge (level 6) 6891: killed by an Elvenking Vanquished creatures: a shopkeeper a watch captain 2 small mimics a large dog a shocking sphere 4 watchmen 2 quivering blobs a leprechaun a giant spider 2 gnome rulers 2 lizards a dingo a dwarf leader 3 soldier ants 3 rock piercers a fog cloud 2 yellow lights a shrieker 5 gnome leaders 4 gnomish wizards a ghoul a straw golem 2 floating eyes 3 kittens 8 dwarves a kobold leader 2 rothes a monkey an orc zombie 2 wererats an iguana an acid blob a coyote a gas spore 5 hobbits 3 manes a large kobold a hobgoblin 4 giant rats 2 cave spiders 3 yellow molds a red mold 26 gnomes a gnome zombie 4 geckos 7 jackals a fox 2 kobolds 2 goblins a sewer rat 14 grid bugs a lichen a kobold zombie 7 newts 152 creatures vanquished. No species were genocided or became extinct. Voluntary challenges: You read items or engraved 20 times. You engraved Elbereth 2 times. You never genocided any monsters. You never polymorphed an object. You used no wishes. Achievements: You entered a shop. You attained the rank of Conjurer. You entered the Gnomish Mines. You entered Minetown. You attained the rank of Thaumaturge. You entered a temple. The Dungeons of Doom: levels 1 to 4 Level 1: A fountain. Level 2: An untended shop. Level 3: An armor shop, a fountain, a sink. Stairs down to The Gnomish Mines. Level 4: The Gnomish Mines: levels 4 to 12 Level 4: Level 5: Level 6: Many shops, a temple, a fountain. Level 7: Level 8: Level 9: Level 10: Level 11: Level 12: <- You were here. Final resting place for you, killed by an Elvenking. Game over: ---------- / \ / REST \ / IN \ / PEACE \ / \ | Hill | | 803 Au | | killed by an | | Elvenking | | | | | | 2023 | *| * * * | * _________)/\\_//(\/(/\)/\//\/|_)_______ Goodbye Hill the Wizard... You died in The Gnomish Mines on dungeon level 12 with 6707 points, and 803 pieces of gold, after 6891 moves. You were level 8 with a maximum of 52 hit points when you died.